 Dungeon Crawl Stone Soup version 0.18-a0-844-g9229740 (webtiles) character file.

91203 4thArraOfDagon the Brawler (level 15, -3/131 HPs)
             Began as a Troll Earth Elementalist on Dec 18, 2015.
             Was a Priest of Cheibriados.
             Killed from afar by a merfolk aquamancer (38 damage)
             ... with a great wave of water
             ... on level 4 of the Shoals.
             The game lasted 00:56:40 (9429 turns).

4thArraOfDagon the Brawler (TrEE)                   Turns: 9429, Time: 00:56:40

Health: -3/131     AC: 13    Str: 41 (42) XL:     15   Next: 54%
Magic:  29/31      EV: 29    Int: 26 (27) God:    Cheibriados [***...]
Gold:   728        SH:  0    Dex: 34      Spells: 5 memorised, 7 levels left

rFire  . . .     SeeInvis .       - Unarmed
rCold  . . .     Gourm    +     y - +5 robe of the Hidden Gods {Regen+ Str+6 Dex+2 Stlth-}
rNeg   . . .     Faith    .     (no shield)
rPois  .         Spirit   .     O - +3 hat of Pondering {ponderous, MR+ MP+10 Int+5}
rElec  +         Dismiss  .     (no cloak)
rCorr  .         Reflect  .     (gloves unavailable)
SustAt .         Harm     +     (boots unavailable)
MR     ++...     Clarity  +     X - amulet of harm
Stlth  +++.......               u - +3 ring of strength
                                U - +5 ring of dexterity

@: mighty, agile, flying, very slow, very resistant to hostile enchantments,
fairly stealthy
A: unfitting armour, antennae 1, claws 3, clarity, clever 1, deterioration 1,
fast metabolism 3, frail 1, gourmand, regeneration 2, screaming 1, shaggy fur 1,
electricity resistance, tough skin 2
a: Bend Time, Temporal Distortion, Renounce Religion


You were on level 4 of the Shoals.
You worshipped Cheibriados.
Cheibriados was most pleased with you.
You were very full.

You visited 5 branches of the dungeon, and saw 30 of its levels.

You collected 1674 gold pieces.
You spent 946 gold pieces at shops.

Inventory:

Hand Weapons
 D - a +0 blowgun
 G - a +1 giant spiked club
 N - a +0 blowgun
Missiles
 H - 26 stones (quivered)
 M - 9 curare-tipped needles
Armour
 y - the +5 robe of the Hidden Gods (worn) {Regen+ Str+6 Dex+2 Stlth-}
   (You found it on level 7 of the Dungeon)

   It affects your strength (+6).
   It affects your dexterity (+2).
   It increases your rate of regeneration.
   It makes you less stealthy.
 O - the +3 hat of Pondering (worn) {ponderous, MR+ MP+10 Int+5}
   (You took it off Gastronok on level 1 of the Lair of Beasts)

   It affects your intelligence (+5).
   It affects your resistance to hostile enchantments.
   It affects your magic capacity (+10).
Rods
 z - a +1 rod of inaccuracy (9/9)
   (You found it on level 12 of the Dungeon)
Jewellery
 u - a +3 ring of strength (right claw)
 A - an uncursed ring of wizardry
 P - an uncursed ring of positive energy
 Q - an uncursed amulet of rage
 T - an uncursed amulet of dismissal
 U - a +5 ring of dexterity (left claw)
 W - an uncursed amulet of resist corrosion
 X - an amulet of harm (around neck)
 Y - an uncursed ring of positive energy
Wands
 b - a wand of polymorph (7)
 j - a wand of fire (3)
 w - a wand of fireball (4)
 F - a wand of lightning (1)
 S - a wand of digging (8)
 Z - a wand of polymorph (0)
Scrolls
 c - a scroll of fog
 e - 4 scrolls of blinking
 i - 5 scrolls of noise
 o - 2 scrolls of fear
 q - 7 scrolls of remove curse
 s - a scroll of amnesia
 t - 4 scrolls of enchant armour
 B - 3 scrolls of enchant weapon
 C - 4 scrolls of immolation
 V - a scroll of magic mapping
Potions
 a - 3 potions of cancellation
 g - 3 potions of brilliance
 l - a potion of cure mutation
 n - 6 potions of agility
 r - 6 potions of might
 v - 7 potions of curing
 I - a potion of lignification
 K - a potion of resistance
 L - a potion of magic
Books
 x - a book of Minor Magic

   Spells                             Type                      Level
   a - Magic Dart                     Conjuration                  1
   b - Blink                          Translocation                2
   c - Call Imp                       Summoning                    2
   d - Repel Missiles                 Charms/Air                   2
   e - Slow                           Hexes                        2
   f - Conjure Flame                  Conjuration/Fire             3
   g - Mephitic Cloud                 Conjuration/Poison/Air       3
Comestibles
 d - 13 bread rations
 f - a beef jerky
 h - 2 royal jellies
 m - 8 meat rations
 p - 4 slices of pizza
 J - 5 fruits


   Skills:
 - Level 9.2 Fighting
 + Level 11.6 Dodging
 - Level 1.1 Stealth
 * Level 18.1 Unarmed Combat
 - Level 2.1 Spellcasting
 - Level 0.6 Transmutations
 - Level 2.6 Earth Magic
 - Level 10.0 Invocations


You had 7 spell levels left.
You knew the following spells:

 Your Spells              Type           Power        Failure   Level  Hunger
a - Blink                 Tloc           N/A          17%         2    ##.....
b - Stoneskin             Trmt/Erth      ##......     10%         2    ##.....
c - Repel Missiles        Chrm/Air       #.....       17%         2    ##.....
d - Conjure Flame         Conj/Fire      #.......     30%         3    ###....
e - Sublimation of Blood  Necr           #.........   17%         2    ##.....


Dungeon Overview and Level Annotations

Branches:
Dungeon (15/15)            Temple (1/1) D:4            Lair (8/8) D:9
 Shoals (4/4) Lair:6        Slime (0/6) Lair:8          Orc (2/2) D:11
 Vaults (0/5) D:14
  Snake: Lair:3-6    Spider: Lair:3-6       Elf: Orc:2       Depths: D:15

Altars:
Ashenzari
Cheibriados
Gozag
Kikubaaqudgha
Makhleb
Nemelex Xobeh
Okawaru
Pakellas
Qazlal
Ru
Sif Muna
Trog
Xom
The Shining One
Beogh
Jiyva

Shops:
D:4 [   D:6 :   D:8 (   D:10 !   D:14 !   Orc:1 %   Orc:2 !*:(

Portals:
Hell: Lair:8
Trove: D:12 (show abyssal rune of Zot)

Annotations:
D:5 4thArraOfDagon's ghost, weakling OgHu
D:7 Dowan
D:15 exclusion: ugly thing


Innate Abilities, Weirdness & Mutations

You are too large for most types of armour.
You have claws for hands.
Your metabolism is lightning-fast.
You like to eat raw meat.
You heal very quickly.
You are covered in fur (AC +1).
You have very tough skin (AC +2).
You have a pair of small antennae on your head.
You possess an exceptional clarity of mind.
Your mind is acute. (Int +2)
Your body sometimes deteriorates upon taking damage.
You are frail (-10% HP).
You occasionally shout uncontrollably at your foes.
You are resistant to electric shocks.


Message History

Drink which item? (? for menu, Esc to quit)
You feel very mighty all of a sudden.
Unknown command.
Unknown command.
You mangle the sea snake!! You claw the sea snake!
You kill the sea snake!
Cheibriados appreciates the change of pace.
The merfolk aquamancer casts a spell at you.
The ball of steam hits you!
* * * LOW HITPOINT WARNING * * *
The merfolk javelineer hits you from afar with a spear.
* * * LOW HITPOINT WARNING * * *
A merfolk comes into view. It is wielding a trident.
Unknown command.
Drink which item? (? for menu, Esc to quit)
You feel much better.
The merfolk aquamancer is engulfed in a cloud of scalding steam.
The merfolk aquamancer casts a spell at you.
The great wave of water hits you!
You die...

≈≈≈≈≈≈≈≈≈≈≈≈≈≈≈≈≈≈≈
##≈≈≈≈≈≈≈≈≈≈≈≈≈m≈(≈≈≈≈≈
##≈≈≈≈≈≈≈≈≈≈≈≈≈≈≈≈≈≈≈≈≈≈
≈≈≈≈≈≈≈≈≈≈.≈≈≈≈≈≈≈≈≈≈≈≈
≈≈≈≈≈≈≈........≈≈≈≈≈≈≈.
≈≈≈≈≈≈.≈...#.....≈≈≈##+##
≈≈≈≈≈≈≈≈≈.##....m(≈##§≈≈##
≈≈≈≈≈≈≈≈≈≈.#....m≈≈#≈≈≈≈≈#
≈≈.....≈≈≈.....§@§≈)≈≈[≈(#
≈≈.###.†≈≈≈....§§≈≈#≈≈≈[≈#
≈≈..##.≈<≈≈...≈≈)≈≈##≈≈≈##
##........≈≈≈≈≈≈≈≈≈≈#####
.##....###≈≈≈≈≈≈≈≈≈≈≈≈
..#..(.###≈≈≈≈≈≈≈≈≈≈≈≈≈
..#........≈≈≈≈≈≈≈≈≈≈≈≈≈≈
..#......≈≈≈≈≈≈≈≈≈≈≈≈≈≈≈≈
.##.......≈≈≈≈≈≈≈≈≈≈≈≈≈≈≈


You could see a merfolk javelineer, a merfolk aquamancer and a merfolk
(wandering).

Vanquished Creatures
  Gastronok (Lair:1)
  Kirke (D:13)
  Maud (Lair:4)
  Aizul (Shoals:1)
  An orc warlord (Orc:2)
  A stone giant (Orc:1)
  A merfolk javelineer (Shoals:1)
  3 merfolk impalers
  Harold (Lair:2)
  An ogre mage (D:15)
  7 hydras
  A catoblepas (Lair:4)
  2 merfolk avatars (Shoals:4)
  2 centaur warriors
  An alligator snapping turtle (Shoals:4)
  2 merfolk aquamancers (Shoals:4)
  2 dancing weapons (D:14)
  4 orc high priests (Orc:2)
  Sonja (D:13)
  A sun demon (Lair:8)
  An unseen horror (D:15)
  6 sea snakes
  2 wizards
  7 hill giants
  2 orc knights (Orc:2)
  6 harpies (Shoals:1)
  2 orc sorcerers
  7 ugly things
  5 griffons
  2 slime creatures (D:14)
  A deep elf mage (D:15)
  6 manticores
  A sixfirhy (Lair:8)
  A water nymph (Shoals:3)
  2 cyclopes
  3 black mambas (Lair:8)
  13 elephants
  5 sirens
  A centaur zombie (D:15)
  6 orange demons (Lair:8)
  7 spiny frogs
  9 komodo dragons
  2 centaur skeletons
  2 gargoyles (D:14)
  A fire drake (Lair:4)
  A harpy zombie (D:13)
  3 ice devils (Lair:8)
  A hellwing (Lair:8)
  A red devil (Lair:8)
  A wind drake (Shoals:3)
  9 blink frogs
  3 two-headed ogres
  7 merfolk
  7 trolls
  A polar bear (Lair:4)
  5 snapping turtles
  2 trapdoor spider zombies
  A hog (shapeshifter) (D:13)
  3 spriggans (Lair:7)
  3 water elementals
  15 yaks
  4 wyverns
  A wraith (D:14)
  6 hogs (D:13)
  3 basilisks
  3 wolves (Lair:4)
  8 hippogriffs
  A mottled dragon (D:12)
  3 vampire mosquitoes (D:15)
  4 wargs
  10 water moccasins
  A soldier ant (D:15)
  A porcupine (Lair:4)
  5 ice beasts
  A phantom (D:7)
  28 orc warriors
  2 sky beasts
  An eye of draining (D:13)
  16 ogres
  A necrophage (D:7)
  20 centaurs
  2 big kobolds
  9 crocodiles
  9 giant frogs
  A water moccasin zombie (D:10)
  A scorpion (D:10)
  2 wyvern skeletons
  10 wights
  15 killer bees
  2 crimson imps (D:6)
  8 hounds
  A giant frog skeleton (D:11)
  30 orc priests
  5 iguanas
  A quasit (D:8)
  11 orc wizards
  7 jellies
  6 worker ants
  A killer bee zombie (D:5)
  18 sheep
  A hound skeleton (D:5)
  A worker ant zombie (D:10)
  4 adders
  4 gnolls (D:4)
  18 river rats
  2 shadow imps
  An ooze (D:4)
  2 adder skeletons
  An adder zombie (D:9)
  A worm (D:4)
  84 orcs
  2 bats
  2 giant cockroaches
  13 kobolds
  3 quokkas
  2 giant geckos
  A giant gecko skeleton (D:4)
  4 giant newts
  7 jackals
  3 rats
  2 fungi (Lair:8)
  A plant (Lair:6)
615 creatures vanquished.

Vanquished Creatures (others)
  4 fungi
  6 plants
10 creatures vanquished.

Grand Total: 625 creatures vanquished

Notes
Turn   | Place    | Note
--------------------------------------------------------------
     0 | D:1      | 4thArraOfDagon the Troll Earth Elementalist began the quest for the Orb.
     0 | D:1      | Reached XP level 1. HP: 16/16 MP: 1/1
    70 | D:2      | Reached skill level 1 in Unarmed Combat
    93 | D:2      | Reached XP level 2. HP: 15/24 MP: 0/2
   122 | D:2      | Learned a level 2 spell: Stoneskin
   263 | D:3      | Reached XP level 3. HP: 25/31 MP: 3/3
   381 | D:4      | Reached skill level 3 in Unarmed Combat
   496 | D:4      | Found a staircase to the Ecumenical Temple.
   504 | Temple   | Entered the Ecumenical Temple
   670 | Temple   | Became a worshipper of Cheibriados the Contemplative
   981 | D:4      | Reached XP level 4. HP: 38/40 MP: 4/4
  1025 | D:4      | Reached skill level 1 in Fighting
  1025 | D:4      | Reached skill level 1 in Invocations
  1053 | D:4      | one of the worst levels in my life
  1062 | D:5      | Entered Level 5 of the Dungeon
  1111 | D:6      | Reached XP level 5. HP: 42/48 MP: 5/5
  1165 | D:6      | Reached * piety under Cheibriados
  1252 | D:6      | Reached skill level 4 in Unarmed Combat
  1270 | D:6      | Reached XP level 6. HP: 27/57 MP: 6/6
  1386 | D:6      | Reached XP level 7. HP: 14/66 MP: 7/7
  1389 | D:6      | Reached skill level 5 in Unarmed Combat
  1459 | D:6      | Found Fykijugo's Book Emporium.
  1499 | D:5      | Noticed 4thArraOfDagon's ghost (weakling OgHu)
  1590 | D:7      | Got a shimmering robe
  1601 | D:7      | Identified the +5 robe of the Hidden Gods {Regen+ Str+6 Dex+2 Stlth-} (You found it on level 7 of the Dungeon)
  1678 | D:6      | Reached ** piety under Cheibriados
  1731 | D:6      | Reached skill level 6 in Unarmed Combat
  1788 | D:6      | fail
  1834 | D:4      | Found Taleicw's Armour Boutique.
  1870 | D:5      | Reached XP level 8. HP: 74/74 MP: 9/9
  1966 | D:7      | Noticed Dowan
  2146 | D:7      | Reached skill level 7 in Unarmed Combat
  2191 | D:8      | Found Zeshoodgh's Antique Weapon Shoppe.
  2256 | D:9      | Reached *** piety under Cheibriados
  2347 | D:9      | Noticed a gargoyle
  2352 | D:10     | Entered Level 10 of the Dungeon
  2576 | D:10     | Reached XP level 9. HP: 71/83 MP: 11/11
  2636 | D:10     | Noticed a centaur skeleton
  2646 | D:10     | Killed a centaur skeleton
  2646 | D:10     | Reached skill level 8 in Unarmed Combat
  2781 | D:11     | Noticed a hill giant
  2791 | D:11     | Killed a hill giant
  2791 | D:11     | Reached **** piety under Cheibriados
  2791 | D:11     | Reached skill level 5 in Dodging
  2791 | D:11     | Reached skill level 5 in Invocations
  2829 | D:11     | Noticed a manticore
  2829 | D:12     | Noticed a hill giant
  2844 | D:11     | Killed a hill giant
  2844 | D:11     | Reached skill level 9 in Unarmed Combat
  2850 | D:11     | Reached skill level 5 in Fighting
  2872 | D:11     | Killed a manticore
  2872 | D:11     | Reached XP level 10. HP: 26/95 MP: 8/13
  2963 | D:11     | wow
  3027 | D:12     | Identified a +1 rod of inaccuracy (9/9) (You found it on level 12 of the Dungeon)
  3074 | D:13     | Noticed a hill giant
  3106 | D:12     | Noticed a purple ugly thing
  3117 | D:12     | Killed a purple ugly thing
  3147 | D:11     | Reached skill level 10 in Unarmed Combat
  3184 | D:11     | Gained mutation: You occasionally shout uncontrollably at your foes. [mutagenic meat]
  3270 | D:12     | Found a portal to a secret trove of treasure.
  3388 | D:13     | Killed a hill giant
  3448 | D:14     | Reached ***** piety under Cheibriados
  3565 | D:13     | Gained mutation: Your mind is acute. (Int +2) [mutagenic meat]
  3567 | D:13     | Gained mutation: Your body sometimes deteriorates upon taking damage. [mutagenic meat]
  3671 | D:13     | Reached skill level 11 in Unarmed Combat
  3671 | D:13     | Reached XP level 11. HP: 51/104 MP: 15/15
  3815 | D:14     | Gained mutation: You are weak. (Str -2) [mutagenic meat]
  3871 | D:14     | Noticed an enchanted long sword
  3888 | D:14     | Killed an enchanted long sword
  3927 | D:14     | Noticed an enchanted long sword
  3933 | D:14     | Killed an enchanted long sword
  3939 | D:14     | Found a gate to the Vaults.
  3976 | D:14     | Noticed a hill giant
  3983 | D:14     | Killed a hill giant
  3983 | D:14     | Reached skill level 12 in Unarmed Combat
  3991 | D:14     | Noticed a centaur warrior
  4000 | D:14     | Killed a centaur warrior
  4057 | D:14     | Found Plog's Distillery.
  4081 | D:14     | Bought 2 potions of lignification for 84 gold pieces
  4081 | D:14     | Bought 2 potions of curing for 84 gold pieces
  4081 | D:14     | Bought a potion of heal wounds for 70 gold pieces
  4081 | D:14     | Bought a potion of curing for 42 gold pieces
  4081 | D:14     | Bought a potion of agility for 56 gold pieces
  4115 | D:14     | Noticed a wizard
  4121 | D:14     | Killed a wizard
  4150 | D:14     | Noticed a hill giant
  4156 | D:14     | Killed a hill giant
  4241 | D:15     | Entered Level 15 of the Dungeon
  4252 | D:15     | Reached XP level 12. HP: 117/117 MP: 13/16
  4407 | D:15     | Found a viscous altar of Jiyva.
  4454 | D:15     | Noticed an ogre mage
  4469 | D:15     | Killed an ogre mage
  4657 | D:13     | Noticed a centaur warrior
  4661 | D:13     | Reached skill level 13 in Unarmed Combat
  4665 | D:13     | Killed a centaur warrior
  4694 | D:13     | Noticed Sonja
  4696 | D:13     | Noticed Kirke
  4697 | D:13     | Killed Sonja
  4704 | D:13     | Killed Kirke
  5005 | D:10     | Found Oqemah's Distillery.
  5016 | D:10     | Bought a potion of might for 52 gold pieces
  5032 | D:10     | Bought a potion of flight for 39 gold pieces
  5140 | D:9      | Found a staircase to the Lair.
  5345 | D:9      | Reached XP level 13. HP: 81/127 MP: 18/18
  5554 | D:11     | Found a staircase to the Orcish Mines.
  5561 | Orc:1    | Entered Level 1 of the Orcish Mines
  5622 | Orc:1    | Found Oqom Ost's Food Emporium.
  5716 | Orc:1    | Noticed a stone giant
  5773 | Orc:1    | Killed a stone giant
  5773 | Orc:1    | Reached skill level 14 in Unarmed Combat
  5818 | Orc:2    | Entered Level 2 of the Orcish Mines
  5892 | Orc:2    | Found Vywaq Imunni's Book Boutique.
  5918 | Orc:2    | fail
  5924 | Orc:2    | Found Puyt's Weapon Shop.
  5970 | Orc:2    | can ctrl q already
  6202 | Orc:2    | Reached ****** piety under Cheibriados
  6220 | Orc:2    | Learned a level 2 spell: Blink
  6240 | Orc:2    | Learned a level 2 spell: Repel Missiles
  6244 | Orc:2    | Learned a level 3 spell: Conjure Flame
  6291 | Orc:2    | Noticed an orc warlord
  6307 | Orc:2    | Killed an orc warlord
  6485 | Orc:2    | Found a roughly hewn altar of Beogh.
  6518 | Orc:2    | Found Duryot's Distillery.
  6531 | Orc:2    | Bought a potion of mutation for 27 gold pieces
  6531 | Orc:2    | Bought 2 potions of mutation for 55 gold pieces
  6541 | Orc:2    | Gained mutation: You are frail (-10% HP). [potion of mutation]
  6541 | Orc:2    | Gained mutation: You have a pair of small antennae on your head. [potion of mutation]
  6542 | Orc:2    | Gained mutation: You are resistant to electric shocks. [potion of mutation]
  6543 | Orc:2    | Lost mutation: You are weak. (Str -2) [potion of mutation]
  6543 | Orc:2    | Gained mutation: You possess an exceptional clarity of mind. [potion of mutation]
  6553 | Orc:2    | Found Rirampaff's General Store.
  6565 | Orc:2    | Bought a potion of curing for 51 gold pieces
  6565 | Orc:2    | Bought a scroll of fog for 34 gold pieces
  6592 | Orc:2    | Bought 2 potions of might for 88 gold pieces
  6592 | Orc:2    | Bought a potion of might for 44 gold pieces
  6592 | Orc:2    | Bought a potion of poison for 11 gold pieces
  6592 | Orc:2    | Bought a potion of cancellation for 88 gold pieces
  6592 | Orc:2    | Bought a potion of curing for 33 gold pieces
  6592 | Orc:2    | Bought a potion of agility for 44 gold pieces
  6592 | Orc:2    | Bought a potion of agility for 44 gold pieces
  6614 | Orc:2    | meh
  6804 | Lair:1   | Entered Level 1 of the Lair of Beasts
  6812 | Lair:1   | Noticed Gastronok
  6828 | Lair:1   | Killed Gastronok
  6837 | Lair:1   | ponderous without spells
  6837 | Lair:1   | gg
  7040 | Lair:2   | Noticed Harold
  7059 | Lair:2   | Killed Harold
  7260 | Lair:3   | Reached skill level 10 in Invocations
  7412 | Lair:4   | Reached skill level 15 in Unarmed Combat
  7457 | Lair:4   | Learned a level 2 spell: Sublimation of Blood
  7498 | Lair:4   | Reached XP level 14. HP: 125/125 MP: 20/20
  7539 | Lair:4   | Noticed Maud
  7553 | Lair:4   | Killed Maud
  7736 | Lair:5   | You fall through a shaft for 3 floors!
  7736 | Lair:8   | Entered Level 8 of the Lair of Beasts
  7841 | Lair:8   | meh
  7868 | Lair:8   | Reached skill level 10 in Dodging
  7954 | Lair:8   | Found a staircase to the Slime Pits.
  8046 | Lair:8   | Reached skill level 16 in Unarmed Combat
  8148 | Lair:8   | Found a burning altar of Makhleb.
  8155 | Lair:8   | Found a gateway to Hell.
  8167 | Lair:8   | gg
  8434 | Lair:6   | Found a staircase to the Shoals.
  8462 | Lair:6   | Reached skill level 17 in Unarmed Combat
  8565 | Lair:6   | time to die
  8565 | Lair:6   | no statue form=rip
  8572 | Shoals:1 | Entered Level 1 of the Shoals
  8573 | Shoals:1 | good game tho
  8637 | Shoals:1 | Reached XP level 15. HP: 88/130 MP: 21/21
  8783 | Shoals:1 | Noticed Aizul
  8789 | Shoals:1 | Killed Aizul
  9103 | Shoals:3 | Noticed Mara
  9122 | Shoals:4 | Entered Level 4 of the Shoals
  9296 | Shoals:4 | Reached skill level 18 in Unarmed Combat
  9429 | Shoals:4 | Killed from afar by a merfolk aquamancer

Vault maps used:
D:1:      roderic_crop_circles_arrival_small
D:3:      elyvilon_altar_3, first_bread, ecumenical_altar_1
D:4:      minmay_temple_entry_overgrown, serial_shops, nicolae_shop_stone,
          roderic_lattice_a
D:5:      minitemple, kennysheep_generic_room_11, uniq_edmund
D:6:      serial_shops, shop, portal_sewer_entry_e
D:7:      zin_statuary, eino_jars, uniq_duvessa
D:8:      serial_shops, shop, hangedman_pestilent_swarm, minmay_fountain_box,
          kennysheep_generic_room_8
D:9:      david_lair_shrubbed, corner_web_ring, minmay_misc_feat_alley
D:10:     serial_shops, shop
D:11:     orc_0_dummy, kennysheep_generic_room_3
D:12:     enter_trove_0
D:13:     minmay_connected_boxes_in_corner, uniq_sonja, uniq_kirke
D:14:     erik_vaults_1, serial_shops, nicolae_shop_statue_plus,
          minmay_misc_feat_x
D:15:     grunt_enter_depths_hoard, tso_altar, minmay_misc_feat_five,
          jiyva_altar_1
Temple:   minmay_temple_curvy_14
Lair:1:   grunt_megastairs_3, serial_bayou_shore_a, uniq_gastronok
Lair:2:   uniq_harold
Lair:4:   spider_nest_entry_funnel_web, roderic_lost_polar_bear, uniq_maud
Lair:5:   grunt_megastairs_5, lemuel_fruit_tree
Lair:6:   minmay_shoals_entry_centaurs
Lair:7:   st_stairs_7, nicolae_quartered_pool_little, wad_woods_02
Lair:8:   evil_forest, dpeg_slime_entry_corner, serial_bayou_shore_b
Shoals:1: cheibrodos_shoals_roost, abandoned_shop, uniq_aizul
Shoals:2: uniq_polyphemus
Shoals:3: ldierk_geyser, uniq_donald, uniq_mara, uniq_jorgrun, uniq_nikola
Shoals:4: shoals_end_simple, shoal_ilsuiw, serial_shops, shop_statue,
          uniq_ilsuiw
Orc:1:    serial_shops, nicolae_shop_temple_entry_statues_fountains
Orc:2:    pubby_orc_utopia

Action                   |  1- 3 |  4- 6 |  7- 9 | 10-12 | 13-15 || total
-------------------------+-------+-------+-------+-------+-------++-------
Melee: Unarmed           |   106 |    92 |   244 |   393 |   714 ||  1549
 Fire: Blowgun           |       |       |       |       |    11 ||    11
Throw: Tomahawk          |       |       |     1 |     4 |       ||     5
       Large rock        |       |       |       |       |    49 ||    49
       Throwing net      |       |       |       |       |     5 ||     5
 Cast: Sandblast         |     1 |       |       |       |       ||     1
       Stoneskin         |       |     1 |     6 |     3 |     1 ||    11
       Repel Missiles    |       |       |       |       |     3 ||     3
Invok: Temporal Distorti |       |       |     1 |       |     2 ||     3
       Bend Time         |       |       |     1 |       |       ||     1
       Slouch            |       |       |       |     9 |    20 ||    29
Evoke: Wand              |       |       |     1 |     3 |     5 ||     9
  Use: Scroll            |       |       |     7 |     7 |    13 ||    27
       Potion            |       |       |     1 |     1 |    11 ||    13
 Stab: Sleeping          |       |       |       |     2 |     5 ||     7
       Held in net/web   |       |       |       |       |     4 ||     4
  Eat: Chunk             |     9 |     9 |     8 |    23 |    35 ||    84
